 Dungeon Crawl Stone Soup version 0.30-a0-953-g5f1da4a474 (webtiles) character file.

Game seed: 2439925410611121752

50 jasper the Chopper (level 3, 0/29 HPs)
             Began as a Demonspawn Cinder Acolyte on Mar 28, 2023.
             Was a High Priest of Ignis.
             Killed from afar by Natasha (8 damage)
             ... with a magic dart
             ... on level 2 of the Dungeon.
             The game lasted 00:03:01 (1058 turns).

jasper the Chopper (Demonspawn Cinder Acolyte)      Turns: 1058, Time: 00:03:01

Health: 0/29       AC:  3    Str: 16    XL:     3   Next: 55%
Magic:  4/4        EV: 10    Int: 15    God:    Ignis [*****.]
Gold:   68         SH:  0    Dex: 10    Spells: 4/4 levels left

rFire   + . .      SeeInvis +    d - +3 hand axe of Defenestration {flame, rPois Dex+2 SInv}
rCold   . . .      Faith    .    (no shield)
rNeg    . . .      Spirit   .    b - +1 robe
rPois   +          Reflect  .    (no helmet)
rElec   .          Rampage  .    (no cloak)
rCorr   .                        (no gloves)
Will    .....                    (no boots)
Stlth   +                        (no amulet)
HPRegen 0.24/turn                (no ring)
MPRegen 0.09/turn                (no ring)

@: constricted
A: hooves 1, repulsion field 1
a: Renounce Religion, Fiery Armour, Foxfire Swarm, Rising Flame


You were on level 2 of the Dungeon.
You worshipped Ignis.
Ignis was extremely pleased with you.
You visited 1 branch of the dungeon, and saw 2 of its levels.

You collected 68 gold pieces.

Inventory:

Hand Weapons
 a - a -1 hand axe of flaming
 d - the +3 hand axe of Defenestration (weapon) {flame, rPois Dex+2 SInv}
   (You found it on level 2 of the Dungeon)

   Dex:       It affects your dexterity (+2).
   rPois:     It protects you from poison.
   SInv:      It lets you see invisible.
Missiles
 c - 8 stones (quivered)
Armour
 b - a +1 robe (worn)
Scrolls
 e - 2 scrolls of identify
 g - a scroll of torment {unknown}
Potions
 f - a potion of might
 h - a potion of lignification {unknown}


   Skills:
 - Level 3.0 Fighting
 + Level 4.2 Axes
 - Level 1.0 Spellcasting
 - Level 2.6 Fire Magic


You had 4 spell levels left.
You didn't know any spells.
Your spell library contained the following spells:

 Spells                   Type           Power      Damage    Failure   Level
 Scorch                   Fire           16%        2d5       12%         2


Dungeon Overview and Level Annotations

Branches:
Dungeon (2/15)

Altars:

Annotations:
D:2 Natasha


Innate Abilities, Weirdness & Mutations

You have large cloven feet.
You are surrounded by a mild repulsion field. (EV +2)


Message History

You closely miss the bat. The bat hits you.
You take 1 damage, and have 27/29 hp.
You hit the bat. You burn the bat.
You kill the bat!
You swing at nothing.
HP restored.
Things that are here:
a bat corpse; an adder corpse
h - a fizzy grey potion You see here a +0 spear.
Health restored: 29
Things that are here:
a quokka corpse; a ball python corpse You now have 68 gold pieces (gained 2).
Found a trident.
Found an escape hatch in the floor.
Natasha, Servant of Life and Death comes into view.
Natasha is nearby!
Natasha is nearby!
Natasha casts a spell at you. The magic dart hits you!
You take 7 damage, and have 22/29 hp.
MASSIVE DAMAGE!!
A ball python comes into view.
Natasha casts a spell at you. The magic dart hits you.
You take 3 damage, and have 19/29 hp.
The ball python hisses angrily.
Natasha claws you!
You take 7 damage, and have 12/29 hp.
MASSIVE DAMAGE!!
Natasha claws you.
You take 2 damage, and have 10/29 hp.
Natasha barely misses you. The ball python barely misses you.
The ball python grabs you. The ball python constricts you.
You hit Natasha. You burn Natasha.
Natasha is heavily wounded.
You hit the ball python. You burn the ball python. The ball python bites you.
* * * LOW HITPOINT WARNING * * *
The ball python constricts you. Natasha casts a spell at you.
The magic dart hits you!
You die...

#..)..# # #########
#.....####. #.......#
#.....##...
#?>.....#######........##
#........................
#.......#######......†)##
#.....).## #......#†#
#.......h### ######.#.##
#.......@S.# #.#...
..########..# ..###. .
#.... ### ## ..### # ..#
# ..# #


You could see Natasha and a ball python.

Vanquished Creatures
  An adder (D:2)
  2 dart slugs (D:1)
  3 ball pythons
  6 bats
  3 endoplasms
  3 giant cockroaches (D:1)
  2 goblins (D:1)
  A hobgoblin (D:2)
  3 quokkas
  3 frilled lizards
  2 kobolds
  4 rats
33 creatures vanquished.

Notes
Turn   | Place    | Note
-------+----------+-------------------------------------------
     0 | D:1      | jasper the Demonspawn Cinder Acolyte began the quest for
                  | the Orb.
     0 | D:1      | Reached XP level 1. HP: 18/18 MP: 2/2
   220 | D:1      | Reached skill level 3 in Axes
   312 | D:1      | Gained mutation: You have large cloven feet. [demonic
                  | ancestry]
   312 | D:1      | Reached XP level 2. HP: 19/24 MP: 3/3
   680 | D:1      | Gained mutation: You are surrounded by a mild repulsion
                  | field. (EV +2) [demonic ancestry]
   680 | D:1      | Reached XP level 3. HP: 24/29 MP: 4/4
   976 | D:2      | Identified the +3 hand axe of Defenestration {flame, rPois
                  | Dex+2 SInv}
  1008 | D:2      | Reached skill level 4 in Axes
  1052 | D:2      | Noticed Natasha
  1058 | D:2      | Killed from afar by Natasha

Illustrated notes

Levels and vault maps discovered:
D:1:      dpeg_arrival_concentric_ovals, layout_rooms
D:2:      layout_rooms, uniq_terence, uniq_natasha

Skill      XL: |  1  2  3 |
---------------+----------+-----
Axes           | 3 4 |  4.2
Fighting       | |  3.0
Spellcasting   | |  1.0
Fire Magic     | |  2.6

Action                     || total
---------------------------++-------
  Melee: Hand axe          ||    88
         Kick              ||    11
    Use: Scroll            ||     4
 Armour: Robe              ||    19
  Dodge: Dodged            ||    72

Table legend: (Time is in decaauts)
 A = Elapsed time spent in this place.
 B = Non-inter-level travel time spent in this place.
 C = Inter-level travel time spent in this place.
 D = Time resting spent in this place.
 E = Time spent auto-exploring this place.
 F = Levels seen in this place.
 G = Mean time per level.
                   A        B        C        D        E       F      G
               +--------+--------+--------+--------+--------+-----+--------+
         Total |   1070 |   1049 |     21 |    213 |    566 |   2 |  535.0 |
       Dungeon |   1070 |   1049 |     21 |    213 |    566 |   2 |  535.0 |
               +--------+--------+--------+--------+--------+-----+--------+

Top non-repeatable levels by time:
     D:1: 953 daAuts
     D:2: 116 daAuts
